AoeStats
← Voldur

Arabia

510513243Analyzed
2v2 RM · 2d ago on Oct 1, 2026· 51m 41s· 4 players
Game mode
Random Map
Map size
Medium (4 player)
Population
200
Speed
Normal
Resources
Standard
Victory
Conquest
Starting age
Dark Age
Ending age
Imperial Age
RankedLock teamsTeams togetherTeam positionsShared explorationLock speedFull tech treeHidden civsTurbo modeCheats
Victory
Defeat
🇫🇷 Khmer · France
695
+10
🇫🇷 Burgundians · France
676
+11
🇦🇺 Teutons · Australia
565
-10
🇨🇳 Britons · China
565
-11
SUPAA
0:28 Loom
13:09 Feudal Age
14:24 Wheelbarrow
13:37 Horse Collar
14:03 Double-Bit Axe
17:02 Stone Mining
17:04 Gold Mining
24:01 Town Watch
26:18 Castle Age
24:23 Town Watch
26:40 Castle Age
26:55 Forging
26:52 Scale Barding Armor
29:18 Hand Cart
30:32 Fortified Wall
31:35 Masonry
32:02 Bow Saw
33:48 Gold Shaft Mining
33:51 Stone Shaft Mining
34:11 Caravan
36:25 Heavy Plow
39:27 Tusk Swords
43:06 Imperial Age
40:37 Town Patrol
41:45 Ballistics
41:59 Coinage
44:35 Crop Rotation
44:31 Conscription
44:11 Double Crossbow
43:32 Elite Ballista Elephant
44:29 Bloodlines
44:20 Husbandry
45:45 Chemistry
45:35 Banking
45:25 Heavy Scorpion
Voldur
4:43 Double-Bit Axe
8:31 Wheelbarrow
11:58 Horse Collar
17:00 Feudal Age
18:02 Bow Saw
18:19 Heavy Plow
20:49 Castle Age
19:59 Stone Mining
21:18 Stone Shaft Mining
20:38 Gold Mining
24:51 Forging
26:15 Scale Barding Armor
26:46 Iron Casting
27:21 Cavalier
28:01 Husbandry
28:50 Hand Cart
30:20 Chain Barding Armor
31:13 Guilds
31:04 Caravan
31:11 Town Watch
31:12 Loom
31:37 Burgundian Vineyards
32:20 Town Patrol
36:42 Imperial Age
36:48 Paladin
38:39 Blast Furnace
38:57 Plate Barding Armor
42:45 Conscription
43:06 Gold Shaft Mining
kenneth_oath_klenty
12:22 Feudal Age
13:00 Double-Bit Axe
14:26 Wheelbarrow
13:24 Man-at-Arms
15:05 Horse Collar
20:47 Forging
23:56 Castle Age
25:07 Bloodlines
26:25 Hand Cart
26:22 Bow Saw
26:42 Heavy Plow
39:15 Imperial Age
39:28 Heavy Scorpion
41:05 Scale Barding Armor
41:38 Iron Casting
41:54 Caravan
43:43 Chemistry
43:03 Ballistics
42:50 Loom
42:52 Town Watch
44:13 Blast Furnace
43:14 Scale Mail Armor
43:34 Chain Barding Armor
43:09 Fletching
42:57 Cavalier
43:59 Guard Tower
45:37 Two-Man Saw
45:49 Pikeman
47:12 Halberdier
50:06 Chain Mail Armor
Nullius
11:15 Feudal Age
11:46 Double-Bit Axe
12:12 Horse Collar
17:16 Fletching
18:59 Loom
19:00 Town Watch
20:55 Padded Archer Armor
21:56 Gold Mining
22:11 Scale Mail Armor
22:27 Town Watch
25:58 Castle Age
24:57 Forging
24:41 Stone Mining
26:56 Bow Saw
26:50 Heavy Plow
27:26 Gold Shaft Mining
26:18 Crossbowman
26:19 Elite Skirmisher
26:34 Crossbowman
27:19 Bodkin Arrow
27:39 Crossbowman
27:44 Pikeman
27:53 Pikeman
29:12 Chain Mail Armor
35:59 Town Patrol
36:37 Wheelbarrow
37:14 Fervor
38:07 Hand Cart
40:41 Imperial Age
40:48 Leather Archer Armor
40:59 Ballistics
42:56 Chemistry
43:14 Arbalester
45:25 Bracer
46:14 Halberdier
47:32 Iron Casting
50:06 Blast Furnace
49:28 Siege Engineers
50:54 Ring Archer Armor
51:11 Masonry
Connection lost

Rejoining the realm…

Still unreachable

The connection could not be restored.

Session expired

The server has moved on; the page needs a fresh start.